 Dungeon Crawl Stone Soup version 0.29-a0-207-gf982a884d8 (webtiles) character file.

Game seed: 16175812035481429840

93 siradein the Ducker (level 4, 0/30 HPs)
             Began as a Vampire Gladiator on Feb 23, 2022.
             Slain by a gnoll
             ... wielding a +0 flail
              (8 damage)
             ... on level 2 of the Dungeon.
             The game lasted 00:05:00 (1890 turns).

siradein the Ducker (Vampire Gladiator)             Turns: 1890, Time: 00:05:01

Health: 0/30       AC:  6    Str: 13    XL:     4   Next: 37%
Magic:  4/4        EV: 12    Int: 10    God:
Gold:   87         SH:  0    Dex: 17    Spells: 3/3 levels left

rFire   . . .      SeeInvis +   a - +0 long sword
rCold   . . .      Faith    .   (no shield)
rNeg    . . .      Spirit   .   k - +0 ring mail
rPois   +          Reflect  .   c - +0 helmet
rElec   .          Harm     .   (no cloak)
rCorr   .          Rampage  .   (no gloves)
Will    .....                   (no boots)
Stlth   +.........              (no amulet)
HPRegen 0.30/turn               n - ring of poison resistance
MPRegen 0.09/turn               (no ring)

@: healing quickly
A: alive, fangs 3, see invisible, vampiric 2, [frail 1]
a: Exsanguinate


You were on level 2 of the Dungeon.
You visited 1 branch of the dungeon, and saw 2 of its levels.

You collected 87 gold pieces.

Inventory:

Hand Weapons
 a - a +0 long sword (weapon)
 j - a +3 hunting sling
Missiles
 d - 3 throwing nets (quivered)
Armour
 c - a +0 helmet (worn)
 k - a +0 ring mail (worn)
Jewellery
 n - a ring of poison resistance (left hand)
Scrolls
 b - a scroll of teleportation {unknown}
 e - a scroll of enchant weapon {unknown}
 f - a scroll of vulnerability {unknown}
 m - a scroll of fear {unknown}
Potions
 g - 3 potions of curing {unknown}
 h - a potion of haste {unknown}
 i - a potion of berserk rage {unknown}
 l - a potion of attraction {unknown}
 o - a potion of lignification {unknown}
 p - a potion of flight {unknown}
 q - 2 potions of heal wounds {unknown}


   Skills:
 + Level 2.6 Fighting
 + Level 3.7 Long Blades
 - Level 1.5 Throwing
 + Level 1.1 Armour
 + Level 4.1 Dodging


You had 3 spell levels left.
You didn't know any spells.
Your spell library was empty.

Dungeon Overview and Level Annotations

Branches:
Dungeon (2/15)

Altars:


Innate Abilities, Weirdness & Mutations

Your natural rate of healing is accelerated.
You have razor-sharp teeth.
You have supernaturally acute eyesight. (SInv)
You are afflicted with vampirism and can become a bat while bloodless.
[You are frail. (-10% HP)]


Message History

You are too injured to fight recklessly!
You see here a +0 short sword.
You hit the gnoll.
The gnoll is moderately wounded.
The gnoll misses you.
You hit the gnoll.
The gnoll is heavily wounded.
The gnoll barely misses you. The gnoll hits you with a +0 flail!
* * * LOW HITPOINT WARNING * * *
You slash the gnoll!
You kill the gnoll!
Your Armour skill increases to level 1!
You slash the gnoll!
The gnoll is heavily wounded.
The gnoll misses you.
You slash the gnoll!
The gnoll is almost dead.
The gnoll hits you with a +0 flail!
* * * LOW HITPOINT WARNING * * *
You barely miss the gnoll.
The gnoll is almost dead.
The gnoll misses you. The gnoll barely misses you.
You slash the gnoll!
You kill the gnoll!
You hit the gnoll.
The gnoll is heavily wounded.
The gnoll hits you with a +0 flail.
* * * LOW HITPOINT WARNING * * *
The gnoll barely misses you.
You hit the gnoll but do no damage. You bite the gnoll, but do no damage.
The gnoll is heavily wounded.
The gnoll hits you with a +0 flail.
* * * LOW HITPOINT WARNING * * *
Things that are here:
a +0 flail; a gnoll corpse You hit the gnoll.
Your bite misses the gnoll.
The gnoll is severely wounded.
The gnoll hits you but does no damage. The gnoll hits you with a +0 flail!
You die...

.# #.##.>.###.......#.##
.# #.#.†..# #.......#)#
... #......###.......#.#
##. ##>......##.......#.#
. #.........#.†..†..#)#
##............#.####.#####
#.........##.#..........#
##..........#..####..##.#
##.....####@### ##.##.#
##...## #g# #.##.#
#...#####g# #.##.#
#.#...<...# #.##.#
#...#####.# ##.##.#
##...<....# #.....#
##)..#####.### #..####
##.#.#.#......####..#
#.##.....#..........#


You could see 2 gnolls.

Vanquished Creatures
  Natasha (D:2)
  2 gnolls (D:2)
  A worm (D:2)
  4 dart slugs
  4 endoplasms (D:1)
  4 giant cockroaches
  A hobgoblin (D:2)
  4 jackals (D:2)
  A quokka (D:2)
  3 ball pythons
  2 bats
  4 goblins
  5 kobolds
  4 rats
40 creatures vanquished.

Notes
Turn   | Place    | Note
-------+----------+-------------------------------------------
     0 | D:1      | siradein the Vampire Gladiator began the quest for the Orb.
     0 | D:1      | Reached XP level 1. HP: 16/16 MP: 1/1
   173 | D:1      | Reached XP level 2. HP: 20/22 MP: 2/2
   870 | D:2      | Gained mutation: You are afflicted with vampirism and can
                  | become a bat while bloodless. [Vampire growth]
   870 | D:2      | Reached XP level 3. HP: 27/27 MP: 3/3
   910 | D:2      | HP: 1/21 [gnoll/+0 flail (8)]
  1503 | D:2      | Noticed Natasha
  1524 | D:2      | Killed Natasha
  1525 | D:2      | Reached skill level 4 in Dodging
  1525 | D:2      | Reached XP level 4. HP: 5/27 MP: 4/4
  1832 | D:2      | Reached skill level 1 in Armour
  1890 | D:2      | Slain by a gnoll

Illustrated notes

Levels and vault maps discovered:
D:1:      minmay_arrival_glassed_features, layout_basic, minmay_quantized
D:2:      layout_loops_ring, basic_ecumenical_altar,
          amcnicky_mini_rare_corridor_liquid, corner_web_ring,
          minmay_misc_feat_hallway, grunt_ministairs_15, minmay_misc_feat_cross,
          uniq_natasha

Skill      XL: |  1  2  3  4 |
---------------+-------------+-----
Fighting       | 2 |  2.6
Dodging        | 4 |  4.1
Armour         | 1 |  1.1
Long Blades    | |  3.7
Throwing       | |  1.5

Action                   |  1- 3 |  4- 6 || total
-------------------------+-------+-------++-------
Melee: Long sword        |    92 |    15 ||   107
       Bite              |     5 |     1 ||     6
       Punch             |     1 |       ||     1
 Abil: Exsanguinate      |     1 |       ||     1
       Revivify          |       |     1 ||     1
 Stab: Sleeping          |     2 |       ||     2
Armor: Leather armour    |     5 |       ||     5
       Ring mail         |    19 |     4 ||    23
Dodge: Dodged            |    59 |     8 ||    67

Table legend: (Time is in decaauts)
 A = Elapsed time spent in this place.
 B = Non-inter-level travel time spent in this place.
 C = Inter-level travel time spent in this place.
 D = Time resting spent in this place.
 E = Time spent auto-exploring this place.
 F = Levels seen in this place.
 G = Mean time per level.
                   A        B        C        D        E       F      G
               +--------+--------+--------+--------+--------+-----+--------+
         Total |   1913 |   1898 |     15 |    162 |   1303 |   2 |  956.5 |
       Dungeon |   1913 |   1898 |     15 |    162 |   1303 |   2 |  956.5 |
               +--------+--------+--------+--------+--------+-----+--------+

Top non-repeatable levels by time:
     D:2: 1083 daAuts
     D:1: 830 daAuts
